 Dungeon Crawl Stone Soup version 0.23-a0-643-g9ccc95a (webtiles) character file.

14619 Amnesiac the Carver (level 11, 0/52 HPs)
             Began as a Spriggan Berserker on Dec 31, 2018.
             Was a High Priest of Trog.
             Slain by an orange demon (7 damage)
             ... summoned by an orc high priest
             ... on level 1 of the Orcish Mines.
             The game lasted 00:21:38 (13841 turns).

Amnesiac the Carver (Spriggan Berserker)           Turns: 13841, Time: 00:21:39

Health: 0/52       AC: 11    Str: 16    XL:     11   Next: 91%
Magic:  18/18      EV: 20    Int:  9    God:    Trog [*****.]
Gold:   1080       SH: 14    Dex: 21    Spells: 10/10 levels left

rFire    + + .     SeeInvis +   a - +4 scimitar (flame)
rCold    x . .     Gourm    .   O - +2 buckler {reflect}
rNeg     . . .     Faith    .   e - +1 fire dragon scales
rPois    .         Spirit   .   (helmet restricted)
rElec    .         Reflect  +   N - +1 cloak {+Inv}
rCorr    .         Harm     .   (gloves unavailable)
MR       +....                  (boots unavailable)
Stlth    ..........             B - +5 amulet of reflection
HPRegen  0.17/turn              t - +5 ring of dexterity
MPRegen  0.16/turn              x - +2 ring of slaying

@: very quick
A: very small, unfitting armour, see invisible, herbivore, speed 3, slow
metabolism 2
a: Berserk, Trog's Hand, Brothers in Arms, Renounce Religion, Evoke Invisibility


You were on level 1 of the Orcish Mines.
You worshipped Trog.
Trog was extremely pleased with you.
You were full.

You visited 2 branches of the dungeon, and saw 13 of its levels.
You also visited: Ossuary.

You collected 1080 gold pieces.

Inventory:

Hand Weapons
 a - a +4 scimitar of flaming (weapon)
 b - a +0 blowgun
Missiles
 k - 88 poisoned needles
 F - 4 tomahawks (quivered)
 J - 8 poisoned tomahawks
Armour
 e - +1 fire dragon scales (worn)
 N - a +1 cloak of invisibility (worn)
 O - a +2 buckler of reflection (worn)
Jewellery
 t - a +5 ring of dexterity (left hand)
 x - a +2 ring of slaying (right hand)
 B - a +5 amulet of reflection (around neck)
 R - an uncursed ring of fire
 T - an uncursed ring of ice
Wands
 f - a wand of acid (11)
 g - a wand of disintegration (6)
 C - a wand of flame (8)
 H - a wand of iceblast (18)
 L - a wand of clouds (6)
 S - a wand of enslavement (5)
Scrolls
 j - 6 scrolls of teleportation {!r}
 l - 2 scrolls of fog {!r}
 q - 3 scrolls of blinking {!r}
 s - a scroll of summoning {!r}
 w - 5 scrolls of enchant weapon {!r}
 y - 2 scrolls of fear {!r}
 A - 2 scrolls of remove curse {!r}
 E - 2 scrolls of magic mapping {!r}
 K - 3 scrolls of identify {!r}
Potions
 d - 3 potions of ambrosia {!q, unknown}
 h - a potion of mutation {!q, unknown}
 i - 2 potions of haste {!q}
 m - a potion of invisibility {!q}
 n - 4 potions of flight {!q}
 o - a potion of resistance {!q, unknown}
 p - 2 potions of brilliance {!q}
 r - 4 potions of heal wounds {!q}
 u - 2 potions of might {!q}
 v - 2 potions of berserk rage {!q}
 z - a potion of cancellation {!q}
 D - a potion of curing {!q}
 G - 3 potions of lignification {!q}
 I - 2 potions of magic {!q, unknown}
 Q - a potion of agility {!q}
Comestibles
 c - 5 rations


   Skills:
 - Level 3.0 Fighting
 - Level 14.0 Long Blades
 + Level 9.1 Dodging
 * Level 2.7 Shields
 - Level 8.0 Evocations


You had 10 spell levels left.
You didn't know any spells.
Your spell library contained the following spells:

 Spells                   Type           Power        Failure   Level  Hunger
 Beastly Appendage        Tmut           #.....       96%         1    ##.....
 Confusing Touch          Hex            #.....       96%         1    ##.....
 Sticks to Snakes         Tmut           #.......     99%         2    ###....
 Confuse                  Hex            #.......     100%        3    ####...
 Gell's Gravitas          Tloc           #.........   100%        3    ####...
 Spider Form              Tmut/Pois      #.........   100%        3    ####...
 Ice Form                 Ice/Tmut       #.......     100%        4    #####..
 Petrify                  Tmut/Erth      #.......     100%        4    #####..
 Blade Hands              Tmut           #.........   100%        5    ######.
 Metabolic Englaciation   Hex/Ice        #.........   100%        5    ######.
 Yara's Violent Unravell  Hex/Tmut       #.........   100%        5    ######.


Dungeon Overview and Level Annotations

Branches:
Dungeon (12/15)            Temple (0/1) D:5            Lair (0/6) D:9
    Orc (1/2) D:12

Altars:
Ashenzari
Dithmenos
Hepliaklqana
Kikubaaqudgha
Nemelex Xobeh
Trog
Uskayaw
Yredelemnul
Zin
The Shining One

Shops:
D:9 %   D:12 [[[

Annotations:
D:5 1 exclusion
D:10 4 runed doors, CcS's ghost, journeyman GrBe
Orc:1 Harold


Innate Abilities, Weirdness & Mutations

You are very small and have problems with some larger weapons.
You are too small for most types of armour.
You have supernaturally acute eyesight. (SInv)
You are a herbivore.
You cover ground extremely quickly.
You need to consume almost no food.


Message History

There is a staircase back to the Dungeon, spattered with blood here.
An orc warrior comes into view. It is wielding a +0 scimitar.
The orc warrior shouts! x2; You hear a shout! x3
The orc high priest mumbles some strange prayers to Beogh.
Harold the Weathered comes into view.
He is wielding a +0 short sword.
Found a stone staircase leading down.
Really walk into that teleport trap?
You enter a teleport trap!
The teleport trap disappears.
Your surroundings seem slightly different.
An orc comes into view. It is wielding a +0 club.
The orc shouts!
The orc warrior throws a tomahawk.
The tomahawk barely misses you.
The tomahawk misses the orc priest.
The orc throws a tomahawk.
The tomahawk hits you but does no damage.
The orc priest misses you.
You see here a tomahawk.
You closely miss the orc priest. You closely miss the orc priest.
The smoke demon completely misses you. The smoke demon barely misses you.
You block the smoke demon's attack.
The orc throws a tomahawk.
The tomahawk closely misses you.
An orc comes into view.
The orc priest misses you.
You slash the orc priest! You burn the orc priest.
You kill the orc priest!
Trog accepts your kill.
The orc throws a tomahawk.
The tomahawk completely misses you.
The smoke demon hits you but does no damage.
You block the smoke demon's attack. x2
You block the orc's attack.
The orc high priest calls down the wrath of Beogh upon you.
Beogh smites you!
You see here a tomahawk.
The orc warrior throws a tomahawk.
The tomahawk hits you. The smoke demon gestures at you.
The ball of steam hits the orc.
The orc dies!
The ball of steam hits you! You resist. You block the orange demon's attack.
The orange demon barely misses you.
You see here a tomahawk.
The orc high priest utters an invocation to Beogh.
The orange demon is engulfed in a cloud of scalding steam.
You block the orc's attack. You block the orange demon's attack.
The orc high priest hits you from afar with a +0 glaive.
An orc comes into view. It is wielding a +0 dagger.
There is a stone staircase leading down here.
The ynoxinul disappears in a puff of smoke!
You block the warg's attack.
The orange demon is engulfed in a cloud of scalding steam.
The smoke demon gestures at you. Beogh smites you!
* * * LOW HITPOINT WARNING * * *
You block the orange demon's attack.
The orc high priest hits you but does no damage.
There is a staircase back to the Dungeon, spattered with blood here.
The smoke demon gestures at you. Beogh smites you!
* * * LOW HITPOINT WARNING * * *
The warg barely misses you.
You riposte.
You slash the warg! You burn the warg!
The warg is severely wounded.
The orange demon is engulfed in a cloud of scalding steam.
The orange demon stings you from afar!
You die...

...>...........
...$............
...#...o.........#.#.#
......................
.......(..............
.........o............
.#......#.$@..........
...........o3oo........
......o..#oo.oh@.......
#...##..o).4§.34......
#......o.§(4..o..#.§#
...#.##.#(§§.§.....# .+
# ##...§.....$....#
##......##.....
#......# ##....
##..#.## #.## ###### ##


You could see Harold, 2 orc high priests, 2 orange demons, 2 smoke demons, a
chaos spawn, a warg, 3 orc warriors, an orc priest and 5 orcs.

Vanquished Creatures
  Josephine (D:11)
  Erica (D:8)
  A two-headed ogre (D:12)
  An unseen horror (D:11)
  2 ugly things (D:11)
  A cyclops (D:11)
  Maurice (D:11)
  3 trolls
  5 slime creatures (D:12)
  A hippogriff (D:10)
  A vampire (D:10)
  A shadow (D:12)
  5 yaks
  6 wraiths
  4 hogs (D:8)
  A human (D:8)
  2 hungry ghosts
  2 vampire mosquitoes (D:12)
  A water moccasin (D:7)
  A porcupine (D:9)
  3 orc warriors
  2 ice beasts
  2 sky beasts
  3 black bears (D:9)
  4 necrophages
  5 ogres
  5 phantoms
  2 centaurs
  2 big kobolds
  6 bullfrogs
  2 gnoll sergeants
  3 scorpions
  12 wights
  12 howler monkeys
  6 crimson imps
  2 bullfrog zombies
  2 jellies
  2 hounds
  10 orc priests
  A bullfrog skeleton (D:7)
  2 centaur skeletons
  5 iguanas
  A human skeleton (D:10)
  8 orc wizards
  5 worker ants
  2 hound skeletons
  A howler monkey zombie (D:10)
  2 worker ant zombies
  12 gnolls
  11 adders
  2 shadow imps
  A white imp (D:4)
  3 oozes
  3 adder zombies (Ossuary)
  An adder skeleton (D:6)
  A worm (D:5)
  3 leopard geckos
  42 orcs
  8 bats
  7 giant cockroaches
  7 hobgoblins
  2 jackals (D:2)
  3 quokkas
  A ball python (D:4)
  A ball python skeleton (Ossuary)
  6 frilled lizards
  7 goblins
  3 goblin zombies (D:4)
  A hobgoblin skeleton (Ossuary)
  2 hobgoblin zombies
  14 kobolds
  2 kobold skeletons (D:4)
  A kobold zombie (D:4)
  A leopard gecko zombie (D:6)
  4 orc skeletons
  An orc zombie (Ossuary)
  A quokka skeleton (D:10)
  A quokka zombie (D:9)
  4 rats
309 creatures vanquished.

Vanquished Creatures (others)
  An orc (Orc:1)
  9 fungi (D:9)
10 creatures vanquished.

Grand Total: 319 creatures vanquished

Notes
Turn   | Place    | Note
-------+----------+-------------------------------------------
     0 | D:1      | Amnesiac the Spriggan Berserker began the quest for the
                  | Orb.
     0 | D:1      | Reached XP level 1. HP: 11/11 MP: 2/2
   252 | D:1      | Reached XP level 2. HP: 14/16 MP: 3/3
  1128 | D:2      | Reached skill level 3 in Long Blades
  1156 | D:2      | Reached XP level 3. HP: 18/19 MP: 4/4
  1440 | D:2      | Reached skill level 5 in Dodging
  1545 | D:2      | Reached XP level 4. HP: 6/23 MP: 5/5
  1849 | D:3      | Found a hazy altar of Hepliaklqana.
  2000 | D:3      | Reached ** piety under Trog
  2039 | D:3      | Found a shattered altar of Ashenzari.
  2588 | D:4      | Reached XP level 5. HP: 2/28 MP: 6/6
  2901 | D:4      | Reached skill level 4 in Long Blades
  3037 | D:4      | Found a glowing golden altar of the Shining One.
  3190 | D:4      | Reached *** piety under Trog
  3212 | D:4      | Reached XP level 6. HP: 32/32 MP: 7/7
  3344 | D:4      | Reached skill level 5 in Long Blades
  3350 | D:5      | Entered Level 5 of the Dungeon
  3561 | D:4      | Reached XP level 7. HP: 24/36 MP: 8/8
  4329 | D:5      | Noticed a +0 dagger
  4330 | D:5      | Noticed a +0 dagger
  4333 | D:5      | Found a hide-covered altar of Uskayaw.
  4430 | D:5      | Found a glowing golden altar of the Shining One.
  4629 | D:5      | Found a staircase to the Ecumenical Temple.
  4794 | D:6      | Reached skill level 6 in Long Blades
  4794 | D:6      | Reached skill level 1 in Evocations
  5335 | D:6      | Reached XP level 8. HP: 38/38 MP: 9/11
  5566 | D:6      | Found an ancient bone altar of Kikubaaqudgha.
  6058 | D:7      | Reached skill level 7 in Long Blades
  6250 | D:7      | HP: 2/40 [poisoned by a water moccasin]
  6565 | D:7      | Reached skill level 5 in Evocations
  6575 | D:7      | Reached **** piety under Trog
  6777 | D:7      | Reached skill level 8 in Long Blades
  7233 | D:7      | Found a sparkling altar of Nemelex Xobeh.
  7247 | D:7      | Reached XP level 9. HP: 39/44 MP: 14/14
  7341 | D:8      | Noticed Erica
  7442 | D:8      | Found a basalt altar of Yredelemnul.
  7473 | D:8      | Found a sand-covered staircase.
  7479 | Ossuary  | Entered an ossuary
  7486 | Ossuary  | Identified a scroll of acquirement {!r}
  7693 | Ossuary  | Reached skill level 9 in Long Blades
  8493 | D:8      | Reached ***** piety under Trog
  8493 | D:8      | Reached skill level 10 in Long Blades
  8501 | D:8      | Reached XP level 10. HP: 40/49 MP: 17/17
  8920 | D:8      | Found a glowing silver altar of Zin.
  8930 | D:8      | Killed Erica
  8939 | D:8      | Found a bloodstained altar of Trog.
  9001 | D:9      | You fall through a shaft!
  9001 | D:10     | Entered Level 10 of the Dungeon
  9001 | D:10     | Found a runed door.
  9005 | D:10     | Received a gift from Trog
  9012 | D:10     | Found a basalt altar of Yredelemnul.
  9086 | D:10     | Found a runed gate.
  9086 | D:10     | Found a runed gate.
  9087 | D:10     | Found a runed gate.
  9089 | D:10     | Noticed CcS's ghost (journeyman GrBe)
  9127 | D:10     | Reached skill level 11 in Long Blades
  9802 | D:9      | Found Pylid's Food Emporium.
 10147 | D:9      | Found a staircase to the Lair.
 10178 | D:9      | Reached skill level 12 in Long Blades
 10431 | D:11     | Noticed an unseen horror
 10443 | D:11     | Killed an unseen horror
 10487 | D:11     | Noticed a brown ugly thing
 10489 | D:11     | Noticed Josephine
 10503 | D:11     | Killed a brown ugly thing
 10503 | D:11     | Reached XP level 11. HP: 52/52 MP: 18/18
 10511 | D:11     | Killed Josephine
 10766 | D:11     | Reached skill level 13 in Long Blades
 10773 | D:11     | Noticed Maurice
 10783 | D:11     | Killed Maurice
 11201 | D:11     | Noticed a red ugly thing
 11213 | D:11     | Killed a red ugly thing
 11374 | D:11     | Found a shadowy altar of Dithmenos.
 11896 | D:12     | Found Gingadaq's Antique Armour Boutique.
 11950 | D:12     | Reached skill level 14 in Long Blades
 12271 | D:12     | Reached skill level 1 in Shields
 12273 | D:12     | Found Figak's Armour Boutique.
 12299 | D:12     | Found a staircase to the Orcish Mines.
 12300 | D:12     | Received a gift from Trog
 12304 | D:12     | Found Aschiuxeu's Armour Emporium.
 12483 | D:12     | Noticed a two-headed ogre
 12492 | D:12     | Killed a two-headed ogre
 13030 | Orc:1    | Entered Level 1 of the Orcish Mines
 13030 | Orc:1    | Noticed an orc high priest
 13785 | Orc:1    | Noticed an orc high priest
 13786 | Orc:1    | Noticed a sixfirhy
 13827 | Orc:1    | Noticed Harold
 13841 | Orc:1    | Slain by an orange demon

Vault maps used:
D:1:      saegor_arrival_simple_c
D:3:      ashenzari_altar_1, lemuel_doored_altar, first_ration,
          minmay_fractal_squares_gapless_5
D:4:      nicolae_tso_besieged_by_evil
D:5:      dancing_weapons_uskayaw, lemuel_coloured_pillars_altar, temple_statues
D:6:      kiku_gazebo_garden_becter
D:7:      nemelex_xobeh_ov_fountains_minmay
D:8:      overflow_temple_1_default, minitemple,
          nicolae_ossuary_entry_false_entrances, grunt_livestock, uniq_erica
D:9:      due_lair_maze_entry_diamond, serial_shops, shop
D:10:     gammafunk_ghost_necromancy, dk_yredelemnul_ordeal
D:11:     basic_altar, uniq_maurice, uniq_josephine
D:12:     orc_david_3, serial_shops, shop, kennysheep_mini
Orc:1:    serial_shops, nicolae_shop_stone, nicolae_shop_statue_plus,
          nicolae_shop_behind_doors, uniq_harold, uniq_sonja
Ossuary:  ossuary_due_cavern

Skill      XL: |  1  2  3  4  5  6  7  8  9 10 11 |
---------------+----------------------------------+-----
Long Blades    | 3 4 5 6 8 10 12 14 | 14.0
Dodging        | 5 6 7 8 9 |  9.1
Fighting       | 3 |  3.0
Evocations     | 3 6 8 |  8.0
Shields        | 2 |  2.7

Action                   |  1- 3 |  4- 6 |  7- 9 | 10-12 || total
-------------------------+-------+-------+-------+-------++-------
Melee: Falchion          |   108 |   193 |   172 |       ||   473
       Scimitar          |       |       |   222 |   430 ||   652
       Double sword      |       |       |       |     7 ||     7
Invok: Berserk           |       |     2 |     4 |     5 ||    11
Evoke: Wand              |       |       |    10 |     5 ||    15
  Use: Scroll            |     1 |       |    15 |     5 ||    21
       Potion            |       |       |     6 |       ||     6
 Stab: Sleeping          |       |     2 |     2 |       ||     4
  Eat: Ration            |       |     4 |     4 |     7 ||    15
Armor: Animal skin       |    11 |     3 |     6 |       ||    20
       Fire dragon scale |       |       |    15 |    57 ||    72
       Skin              |       |       |    11 |       ||    11
Dodge: Dodged            |   119 |   195 |   277 |   218 ||   809
Block: Other             |       |    17 |    56 |    27 ||   100
       Buckler           |       |       |       |   105 ||   105
       Reflection        |       |       |       |     2 ||     2
       Rpst.: Falchion   |    32 |    65 |    39 |       ||   136
       Scimitar          |       |       |    52 |    54 ||   106

Table legend:
 A = Non-vault XP
 B = Vault XP
 C = Vault XP percentage of total XP
 D = Non-vault monster count
 E = Vault monster count
 F = Vault count percentage of total count
                 A         B        C        D         E       F
            +---------+---------+-------+---------+---------+-------
      Total |   15234 |    5651 |  27.1 |     256 |      53 |  17.2
            +---------+---------+-------+---------+---------+-------
        D:1 |      28 |       0 |   0.0 |      20 |       0 |   0.0
        D:2 |      90 |       0 |   0.0 |      15 |       0 |   0.0
        D:3 |      56 |       6 |   9.7 |      11 |       4 |  26.7
        D:4 |     533 |      20 |   3.6 |      25 |      10 |  28.6
        D:5 |     237 |       0 |   0.0 |      13 |       0 |   0.0
        D:6 |     743 |       0 |   0.0 |      13 |       0 |   0.0
        D:7 |    1162 |       0 |   0.0 |      20 |       0 |   0.0
        D:8 |    1353 |    1869 |  58.0 |      36 |       6 |  14.3
        D:9 |     591 |    1026 |  63.5 |      17 |       9 |  34.6
       D:10 |    1273 |      35 |   2.7 |      18 |       1 |   5.3
       D:11 |    4190 |    2140 |  33.8 |      32 |       5 |  13.5
       D:12 |    4937 |      15 |   0.3 |      35 |       5 |  12.5
      Orc:1 |      41 |       0 |   0.0 |       1 |       0 |   0.0
    Ossuary |       0 |     540 | 100.0 |       0 |      13 | 100.0
            +---------+---------+-------+---------+---------+-------
